 Dungeon Crawl Stone Soup version 0.30.0-3-ga4e48a9924 (webtiles) character file.

Game seed: 4444770167182626618

25 jtron the Shooter (level 2, -2/19 HPs)
             Began as a Demonspawn Wanderer on May 7, 2023.
             Slain by Natasha (9 damage)
             ... on level 2 of the Dungeon.
             The game lasted 00:02:09 (774 turns).

jtron the Shooter (Demonspawn Wanderer)              Turns: 774, Time: 00:02:10

Health: -2/19      AC:  3    Str:  8    XL:     2   Next: 82%
Magic:  3/3        EV: 12    Int: 10    God:
Gold:   89         SH:  0    Dex: 19    Spells: 3/3 levels left

rFire   . . .        a - +2 sling
rCold   . . .        (no shield)
rNeg    . . .        e - +0 robe
rPois   .            (no helmet)
rElec   .            (no cloak)
rCorr   .            (no gloves)
SInv    .            c - +0 pair of boots
Will    .....        (no amulet)
Stlth   ++           (no ring)
HPRegen 0.23/turn    (no ring)
MPRegen 0.08/turn

%: no passive effects
@: attractive
A: weakness stinger 1
a: no special abilities


You were on level 2 of the Dungeon.
You visited 1 branch of the dungeon, and saw 2 of its levels.

You collected 89 gold pieces.

Inventory:

Hand Weapons
 a - a +2 sling (weapon)
 b - a +0 short sword
Armour
 c - a +0 pair of boots (worn)
 e - a +0 robe (worn)
Scrolls
 f - 3 scrolls of magic mapping {unknown}
 j - a scroll of silence {unknown}
 k - 3 scrolls of amnesia {unknown}
 l - 2 scrolls of teleportation {unknown}
Potions
 d - a potion of might
 h - a potion of heal wounds {unknown}
 i - 4 potions of curing {unknown}


   Skills:
 * Level 0.2 Fighting
 + Level 1.0 Short Blades
 + Level 4.3 Ranged Weapons
 + Level 1.0 Armour
 + Level 1.7 Dodging
 * Level 1.3 Spellcasting
 + Level 1.0 Evocations


You had 3 spell levels left.
You didn't know any spells.
Your spell library contained the following spells:

 Spells                   Type           Power      Damage    Failure   Level
 Portal Projectile        Hex/Tloc       0%         N/A       71%         3
 Tukima's Dance           Hex            0%         N/A       71%         3
 Blade Hands              Tmut           0%         N/A       100%        5


Dungeon Overview and Level Annotations

Branches:
Dungeon (2/15)

Altars:

Annotations:
D:2 Natasha


Innate Abilities, Weirdness & Mutations

You have a small tail.


Message History

You shoot a sling bullet. The sling bullet hits the worm!
You kill the worm!
No target in view!
Natasha and a ball python come into view.
Found 6 poisoned darts.
Natasha hisses angrily.
You see here a rat corpse.
You shoot a sling bullet. The ball python hisses angrily.
The sling bullet hits Natasha.
Natasha is heavily wounded.
Natasha casts a spell at you. The magic dart hits you.
You shoot a sling bullet. The sling bullet barely misses Natasha.
It was a potion of attraction.
You feel attractive to monsters.
The ball python is attracted toward you.
Fire: a) +2 sling
Press: ? - help, Q - select action Shift-Dir - straight line, f/p - Natasha
Aim: Natasha (heavily wounded, 56% to hit)
You shoot a sling bullet. The sling bullet hits Natasha.
Natasha is heavily wounded.
Natasha closely misses you.
Fire: a) +2 sling
Press: ? - help, Q - select action Shift-Dir - straight line, f/p - Natasha
Aim: Natasha (heavily wounded, 56% to hit)
You shoot a sling bullet.
The sling bullet closely misses Natasha.
The sling bullet hits the ball python.
The ball python is moderately wounded.
Natasha claws you.
Fire: a) +2 sling
Press: ? - help, Q - select action Shift-Dir - straight line, f/p - Natasha
Aim: Natasha (heavily wounded, 56% to hit)
You shoot a sling bullet.
The sling bullet closely misses Natasha.
The sling bullet hits the ball python.
You kill the ball python!
Natasha claws you. Natasha claws you!
You die...

###### # #>...# .# #....#
..# #..).# .... #....#
....#
#....##############..<...
#.............@h.†..[...(
#.......#########...####.
#....##.# #..###
#....##.## #..##
#....##..# ...#
########.# ##.## #.##...
#..#.# ##...#


You could see Natasha.

Vanquished Creatures
  A worm (D:2)
  4 bats
  An endoplasm (D:1)
  A giant cockroach (D:1)
  2 hobgoblins (D:1)
  A kobold (D:1)
  2 quokkas (D:1)
  2 ball pythons
  A frilled lizard (D:1)
  3 goblins (D:1)
  3 rats
21 creatures vanquished.

Notes
Turn   | Place    | Note
-------+----------+-------------------------------------------
     0 | D:1      | jtron the Demonspawn Wanderer began the quest for the Orb.
     0 | D:1      | jtron set off with the following items: a +2 sling, a +0
                  | short sword, a +0 pair of boots, a potion of might, a +0
                  | robe.
     0 | D:1      | Reached XP level 1. HP: 13/13 MP: 2/2
   174 | D:1      | Reached skill level 4 in Ranged Weapons
   188 | D:1      | Gained mutation: You have a small tail. [demonic ancestry]
   188 | D:1      | Reached XP level 2. HP: 19/19 MP: 3/3
   765 | D:2      | Noticed Natasha
   774 | D:2      | Slain by Natasha

Illustrated notes

Levels and vault maps discovered:
D:1:      dpeg_arrival_rhombus, layout_basic, hex_large
D:2:      layout_rooms, serial_shops, shop, uniq_natasha

Skill      XL: |  1 |
---------------+----+-----
Ranged Weapons | 4 |  4.3
Fighting       | |  0.2
Short Blades   | |  1.0
Armour         | |  1.0
Dodging        | |  1.7
Spellcasting   | |  1.3
Evocations     | |  1.0

Action                     || total
---------------------------++-------
   Fire: Sling             ||    50
    Use: Potion            ||     1
 Armour: Robe              ||     2
  Dodge: Dodged            ||     3
